 Dungeon Crawl Stone Soup version 0.28.0-53-g5a82cb258f (webtiles) character file.

Game seed: 343300293205117645

957 Zeld the Magician (level 7, -3/36 HPs)
             Began as a Deep Elf Fire Elementalist on May 22, 2022.
             Was an Initiate of Vehumet.
             Slain by Grinder (4 damage)
             ... while paralysed by Grinder
             ... on level 5 of the Dungeon.
             The game lasted 00:07:15 (7667 turns).

Zeld the Magician (Deep Elf Fire Elementalist)      Turns: 7667, Time: 00:07:15

Health: -3/36      AC:  5    Str:  5    XL:     7   Next: 91%
Magic:  17/18      EV:  2    Int: 22    God:    Vehumet [......]
Gold:   212        SH:  0    Dex: 15    Spells: 3/19 levels left

rFire   . . .      SeeInvis .   a - +2 falchion (flame)
rCold   . . .      Faith    .   (no shield)
rNeg    . . .      Spirit   .   i - +0 robe
rPois   .          Reflect  .   q - +0 helmet
rElec   .          Harm     .   c - +0 cloak
rCorr   .          Rampage  .   (no gloves)
Will    .....                   m - +0 pair of boots
Stlth   ++........              (no amulet)
HPRegen 0.12/turn               (no ring)
MPRegen 0.16/turn               (no ring)

@: paralysed
A: no striking features
a: Renounce Religion


You were on level 5 of the Dungeon.
You worshipped Vehumet.
Vehumet was noncommittal.
You visited 2 branches of the dungeon, and saw 6 of its levels.

You collected 212 gold pieces.

Inventory:

Hand Weapons
 a - a +2 falchion of flaming (weapon)
Armour
 c - a +0 cloak (worn)
 i - a +0 robe (worn)
 m - a +0 pair of boots (worn)
 q - a +0 helmet (worn)
Wands
 d - a wand of paralysis (6)
Scrolls
 e - 4 scrolls of identify {unknown}
 f - 2 scrolls of enchant weapon {unknown}
 j - a scroll of fear {unknown}
 k - 2 scrolls of teleportation {unknown}
 l - 2 scrolls of noise {unknown}
 r - a scroll of vulnerability {unknown}
Potions
 b - a potion of attraction {unknown}
 g - a potion of brilliance {unknown}
 h - a potion of mutation {unknown}
 n - a potion of resistance {unknown}
 o - a potion of flight {unknown}
 p - a potion of cancellation {unknown}


   Skills:
 + Level 4.3 Dodging
 - Level 2.4 Stealth
 * Level 6.5 Spellcasting
 + Level 3.6 Conjurations
 + Level 3.4 Hexes
 + Level 1.7 Transmutations
 * Level 6.0 Fire Magic
 + Level 1.7 Air Magic
 + Level 1.8 Poison Magic


You had 3 spell levels left.
You knew the following spells:

 Your Spells              Type           Power      Damage    Failure   Level
a - Foxfire               Conj/Fire      100%       2x1d9     1%          1
b - Scorch                Fire           66%        2d8       1%          2
c - Inner Flame           Hex/Fire       28%        N/A       3%          3
d - Ignite Poison         Fire/Tmut/Pois 21%        N/A       7%          3
e - Sticky Flame          Conj/Fire      28%        2d5       12%         4
z - Mephitic Cloud        Conj/Pois/Air  17%        N/A       10%         3

Your spell library contained the following spells:

 Spells                   Type           Power      Damage    Failure   Level
 Magic Dart               Conj           92%        1d7       1%          1
 Shock                    Conj/Air       76%        1d7       2%          1
 Conjure Flame            Conj/Fire      28%        6-21      3%          3
 Sandblast                Erth           14%        2d6       9%          1
 Summon Small Mammal      Summ           28%        N/A       9%          1
 Call Imp                 Summ           7%         N/A       13%         2
 Swiftness                Air            14%        N/A       13%         3
 Flame Wave               Conj/Fire      28%        2d8       12%         4
 Airstrike                Air            7%         N/A       38%         4
 Leda's Liquefaction      Hex/Erth       7%         N/A       38%         4
 Lee's Rapid Deconstruct  Erth           3%         3d6*      94%         5
 Statue Form              Tmut/Erth      7%         N/A       100%        6


Dungeon Overview and Level Annotations

Branches:
Dungeon (5/15)             Temple (1/1) D:4

Altars:
Ashenzari
Elyvilon
Fedhas
Gozag
Kikubaaqudgha
Makhleb
Nemelex Xobeh
Qazlal
Ru
Sif Muna
Trog
Vehumet
Wu Jian
Xom
Zin
The Shining One

Shops:
D:1 [

Annotations:
D:5 Grinder; WaxSun's ghost, weakling HuDe


Message History

Confirm with . or Enter, or press ? or * to list all spells.
You can't see any susceptible monsters within range! (Use Z to cast anyway.)
Found a stone staircase leading down.
A quokka is nearby!
Casting: Scorch (safe; 1% risk of failure)
Confirm with . or Enter, or press ? or * to list all spells.
You can't see any susceptible monsters within range! (Use Z to cast anyway.)
A quokka is nearby!
A quokka is nearby!
A quokka is nearby!
A quokka is nearby!
An orc wizard and an orc come into view.
The orc wizard shouts!
The orc shouts!
You hear a shout! x3
The orc throws a boomerang.
The boomerang barely misses you.
The orc wizard points at you and mumbles some strange words.
The magic dart hits you.
Casting: Scorch (safe; 1% risk of failure)
Confirm with . or Enter, or press ? or * to list all spells.
Flames lash the quokka.
The quokka is almost dead.
The quokka's fire resistance burns away.
An orc wizard comes into view. It is wielding a +0 dagger.
The quokka bites you. Grinder gestures at you.
You suddenly lose the ability to move!
The orc hits you but does no damage. The quokka bites you.
Grinder zaps a wand.
The puff of flame hits you! The orc hits you with a +0 short sword.
The quokka is no longer more vulnerable to fire.
The quokka bites you but does no damage.
An orc comes into view. It is wielding a +0 war axe.
The quokka bites you.
The quokka bites you but does no damage.
Grinder hits you!
* * * LOW HITPOINT WARNING * * *
You writhe in agony.
* * * LOW HITPOINT WARNING * * *
The quokka bites you.
* * * LOW HITPOINT WARNING * * *
Grinder hits you.
You die...

#### ...# #.# #..# #.#
.# .# #..
##.###.###.#.# # ##..
............# #.#..#
#.##.......#
#.#oo>5####.#..$.....#
#...or@.........>(...#
####..o##............##
##..##..........#..#
#..###.##......#..#
#......##....#...#
#.#######.#.####.# ..
...#.# #.# .. #####.#
#.# ######.####.##


You could see Grinder, 2 orc wizards, 2 orcs and a quokka.

Vanquished Creatures
  An orc warrior (D:3)
  2 ogres
  A water moccasin skeleton (D:4)
  A hound (D:4)
  3 jellies
  4 orc priests
  A centaur skeleton (D:4)
  3 iguanas
  4 orc wizards
  6 adders
  5 worms
  4 dart slugs
  20 orcs
  10 bats
  10 endoplasms
  2 giant cockroaches
  12 goblins
  10 hobgoblins
  7 jackals
  4 quokkas
  8 ball pythons
  6 frilled lizards
  4 kobolds
  A quokka skeleton (D:4)
  5 rats
134 creatures vanquished.

Vanquished Creatures (others)
  58 foxfires
58 creatures vanquished.

Grand Total: 192 creatures vanquished

Notes
Turn   | Place    | Note
-------+----------+-------------------------------------------
     0 | D:1      | Zeld the Deep Elf Fire Elementalist began the quest for the
                  | Orb.
     0 | D:1      | Reached XP level 1. HP: 10/10 MP: 6/6
   360 | D:1      | Reached XP level 2. HP: 15/15 MP: 1/8
   723 | D:1      | Learned a level 2 spell: Scorch
  1144 | D:1      | Found Numeuh's Antique Armour Emporium.
  1367 | D:1      | Reached XP level 3. HP: 19/19 MP: 5/10
  1371 | D:1      | Learned a level 3 spell: Inner Flame
  2478 | D:2      | Reached skill level 1 in Hexes
  2478 | D:2      | Reached XP level 4. HP: 24/24 MP: 2/12
  3033 | D:2      | Got An Introduction to Casting
  3207 | D:3      | Found a faded altar of an unknown god.
  3676 | D:3      | Reached XP level 5. HP: 28/28 MP: 2/13
  5440 | D:3      | Reached skill level 5 in Spellcasting
  5616 | D:4      | Reached XP level 6. HP: 26/32 MP: 7/15
  5784 | D:4      | Reached skill level 5 in Fire Magic
  5791 | D:4      | Learned a level 3 spell: Mephitic Cloud
  5911 | D:4      | Learned a level 3 spell: Ignite Poison
  6161 | D:4      | Reached XP level 7. HP: 25/36 MP: 5/17
  6314 | D:4      | Found a staircase to the Ecumenical Temple.
  6395 | D:3      | Reached skill level 1 in Transmutations
  6395 | D:3      | Reached skill level 1 in Air Magic
  6395 | D:3      | Reached skill level 1 in Poison Magic
  6911 | D:4      | Learned a level 4 spell: Sticky Flame
  6928 | Temple   | Entered the Ecumenical Temple
  7095 | Temple   | Became a worshipper of Vehumet
  7156 | D:5      | Entered Level 5 of the Dungeon
  7167 | D:5      | Noticed WaxSun's ghost (weakling HuDe)
  7174 | D:5      | Noticed Grinder
  7181 | D:5      | Paralysed by Grinder for 2 turns
  7663 | D:5      | Paralysed by Grinder for 7 turns
  7667 | D:5      | HP: 1/36 [quokka (2)]
  7667 | D:5      | Slain by Grinder

Illustrated notes

Levels and vault maps discovered:
D:1:      dpeg_arrival_pond, layout_basic, serial_shops, shop
D:2:      layout_basic, minmay_tall_x
D:3:      minmay_diamond_boxcup, layout_basic, nicolae_ecumenical_pavilion
D:4:      layout_rooms, minmay_temple_entry_antechambers, minmay_box_of_dots
D:5:      layout_loops_ring, pf_just_have_faith, gammafunk_ghost_icy,
          uniq_grinder
Temple:   eino_temple_scatter_basement

Skill      XL: |  1  2  3  4  5  6  7 |
---------------+----------------------+-----
Conjurations   | 2 3 |  3.6
Spellcasting   | 4 5 6 |  6.5
Fire Magic     | 4 5 6 |  6.0
Hexes          | 1 2 3 |  3.4
Dodging        | 3 4 |  4.3
Transmutations | 1 |  1.7
Air Magic      | 1 |  1.7
Poison Magic   | 1 |  1.8
Stealth        | |  2.4

Action                   |  1- 3 |  4- 6 |  7- 9 || total
-------------------------+-------+-------+-------++-------
Melee: Unarmed           |    27 |     8 |       ||    35
       Falchion          |       |    30 |       ||    30
 Cast: Foxfire           |    40 |       |     2 ||    42
       Scorch            |    40 |    99 |    31 ||   170
       Mephitic Cloud    |       |       |     4 ||     4
       Ignite Poison     |       |       |     2 ||     2
Evoke: Wand              |       |       |     2 ||     2
 Stab: Sleeping          |     1 |     2 |       ||     3
Armor: Robe              |     9 |    22 |     3 ||    34
Dodge: Dodged            |    34 |    55 |    14 ||   103
